 Dungeon Crawl Stone Soup version 0.26-a0-34-g9e0bf03589 (webtiles) character file.

Game seed: 10868797489950875793, levelgen mode: deterministic

2097 Glundar the Cleaver (level 9, 0/121 HPs)
             Began as a Hill Orc Fighter on May 29, 2020.
             Slain by a killer bee (5 damage)
             ... on level 6 of the Dungeon.
             The game lasted 00:24:02 (7243 turns).

Glundar the Cleaver (Hill Orc Fighter)              Turns: 7243, Time: 00:24:04

Health: 0/121      AC: 24    Str: 27 (28) XL:     9   Next: 28%
Magic:  9/9        EV:  2    Int:  7 (10) God:
Gold:   355        SH:  0    Dex:  9 (10) Spells: 8/8 levels left

rFire    . . .     SeeInvis .   b - +6 scythe (vorpal)
rCold    + . .     Gourm    .   (shield currently unavailable)
rNeg     + + +     Faith    +   (armour currently unavailable)
rPois    +         Spirit   .   (helmet currently unavailable)
rElec    .         Reflect  .   (cloak currently unavailable)
rCorr    .         Harm     .   (gloves currently unavailable)
MR       .....     NoTele   +   (boots currently unavailable)
Stlth    +.........             k - amulet of faith
HPRegen  0.30/turn              o - ring of protection from cold
MPRegen  0.11/turn              r - +6 ring of strength

@: lethally poisoned (0 -> -6), tree-form, stab
A: clever 1, deterioration 1
a: no special abilities


You were on level 6 of the Dungeon.
You were near starving.
You were a tree.
You visited 1 branch of the dungeon, and saw 7 of its levels.

You collected 355 gold pieces.

Inventory:

Hand Weapons
 a - a +0 war axe
 b - a +6 vorpal scythe (weapon)
 D - a +2 dire flail of draining
 E - a +4 flail
 N - a +1 hand axe of freezing
Missiles
 m - 8 atropa-tipped darts (quivered)
 v - 18 sling bullets
Armour
 c - a +0 kite shield
 n - a +0 helmet (melded)
 u - a +0 chain mail
 x - a +0 scale mail (melded)
Jewellery
 k - an amulet of faith (around neck)
 o - a ring of protection from cold (left branch)
 r - a +6 ring of strength (right branch)
 t - an uncursed amulet of magic regeneration {unknown}
 y - an uncursed ring of magical power {unknown}
 H - an uncursed amulet of regeneration {unknown}
 I - an uncursed ring of stealth {unknown}
Wands
 s - a wand of acid (6)
 A - a wand of iceblast (4)
 K - a wand of polymorph (10)
Scrolls
 g - a scroll of remove curse {unknown}
 h - 13 scrolls of identify {unknown}
 j - a scroll of magic mapping {unknown}
 q - a scroll of teleportation {unknown}
 w - 2 scrolls of immolation {unknown}
 C - 4 scrolls of enchant weapon {unknown}
 F - a scroll of fear {unknown}
 L - a scroll of amnesia {unknown}
 M - a scroll of holy word {unknown}
Potions
 e - a potion of lignification
 i - a potion of degeneration
 l - 2 potions of mutation
 p - 3 potions of flight
 z - a potion of brilliance {unknown}
 B - a potion of curing {unknown}
 G - a potion of cancellation {unknown}
 O - a potion of resistance {unknown}
 P - a potion of berserk rage {unknown}
Comestibles
 f - 9 rations


   Skills:
 + Level 7.9 Fighting
 + Level 8.1(8.2) Axes
 + Level 1.5(4.5) Polearms
 + Level 7.3 Armour
 + Level 7.3 Shields


You had 8 spell levels left.
You didn't know any spells.
Your spell library was empty.

Dungeon Overview and Level Annotations

Branches:
Dungeon (7/15)
 Temple: D:4-7

Altars:
Elyvilon
Sif Muna
Vehumet


Innate Abilities, Weirdness & Mutations

((You are partially covered in yellow scales. (AC +2)))
Your mind is acute. (Int +2)
Your body sometimes deteriorates upon taking damage.
((You are covered in fur. (AC +1)))


Message History

Your roots penetrate the ground.
You feel sick.
The killer bee stings you but does no damage. x3
The killer bee stings you.
* * * LOW HITPOINT WARNING * * *
You barely miss the killer bee.
You feel very sick.
The killer bee stings you but does no damage.
The killer bee stings you.
* * * LOW HITPOINT WARNING * * *
The killer bee stings you but does no damage. x4
The killer bee stings you.
* * * LOW HITPOINT WARNING * * *
The killer bee stings you but does no damage.
It was a potion of stabbing.
You feel ready to backstab.
* * * LOW HITPOINT WARNING * * *
You feel sick. The killer bee barely misses you.
The killer bee stings you but does no damage.
The killer bee stings you.
You die...

..# ##.....# #.#
#.....># #.#### #......#
..#..### ##......#
.......## #.......#
........## ##.......#
.........# #........#
.........# ##........#
.........# #.y♣y.....#
.........#####.........#
.......................#
.........####..........#
.........# #......###.#
.........# ######## ###
.........# .........#
.........#


You could see 2 killer bees.

Vanquished Creatures
  The ghost of ioannis32 the Shield-Bearer, a novice DsFi of Yredelemnul (D:5)
  Grinder (D:3)
  Sigmund (D:5)
  Edmund (D:5)
  2 phantoms
  A wyvern skeleton (D:6)
  A killer bee (D:7)
  An electric eel (D:6)
  A howler monkey (D:4)
  3 crimson imps
  A jelly (D:6)
  4 hounds
  5 orc priests (D:4)
  3 orc wizards
  Terence (D:3)
  5 worker ants
  Natasha (thrice) (D:4)
  A hound skeleton (D:6)
  14 adders
  A shadow imp (D:6)
  An ooze (D:2)
  An adder skeleton (D:6)
  3 worms
  A dart slug (D:1)
  7 leopard geckos
  25 orcs
  7 giant cockroaches
  11 hobgoblins
  3 jackals (D:5)
  16 kobolds
  A quokka (D:2)
  A ball python (D:1)
  9 bats
  9 frilled lizards
  4 goblins
  A jackal zombie (D:5)
  6 rats
157 creatures vanquished.

Notes
Turn   | Place    | Note
-------+----------+-------------------------------------------
     0 | D:1      | Glundar the Hill Orc Fighter began the quest for the Orb.
     0 | D:1      | Reached XP level 1. HP: 19/19 MP: 1/1
   176 | D:1      | Reached XP level 2. HP: 20/27 MP: 2/2
   317 | D:1      | Reached skill level 3 in Axes
   407 | D:1      | Reached XP level 3. HP: 33/33 MP: 3/3
  1245 | D:2      | Reached XP level 4. HP: 41/41 MP: 4/4
  2374 | D:3      | Reached skill level 4 in Axes
  2374 | D:3      | Reached XP level 5. HP: 22/47 MP: 5/5
  2893 | D:3      | Noticed Terence
  2894 | D:3      | Noticed Grinder
  2905 | D:3      | Killed Terence
  2913 | D:3      | Killed Grinder
  2913 | D:3      | Reached skill level 5 in Fighting
  2913 | D:3      | Reached skill level 5 in Axes
  2913 | D:3      | Reached skill level 5 in Shields
  2913 | D:3      | Reached XP level 6. HP: 19/56 MP: 6/6
  3130 | D:3      | Found a radiant altar of Vehumet.
  3314 | D:4      | Reached skill level 5 in Armour
  3418 | D:4      | Reached XP level 7. HP: 60/61 MP: 7/7
  4366 | D:4      | Reached skill level 6 in Axes
  4436 | D:4      | Noticed Natasha
  4447 | D:4      | Killed Natasha
  4449 | D:4      | Noticed Natasha
  4459 | D:4      | Killed Natasha
  4459 | D:4      | Reached XP level 8. HP: 42/71 MP: 8/8
  4732 | D:4      | Noticed Natasha
  4744 | D:4      | Killed Natasha
  5066 | D:5      | Entered Level 5 of the Dungeon
  5264 | D:5      | Noticed Sigmund
  5278 | D:5      | Killed Sigmund
  5421 | D:5      | Noticed Edmund
  5428 | D:5      | Killed Edmund
  5428 | D:5      | Reached skill level 7 in Axes
  5547 | D:5      | Found a runed translucent door.
  5817 | D:5      | Noticed ioannis32's ghost (novice DsFi)
  5839 | D:5      | Killed ioannis32's ghost
  5839 | D:5      | Reached XP level 9. HP: 32/79 MP: 9/9
  6288 | D:6      | Found a shimmering blue altar of Sif Muna.
  6289 | D:6      | Found a white marble altar of Elyvilon.
  6413 | D:6      | Reached skill level 1 in Polearms
  6540 | D:6      | Reached skill level 8 in Axes
  6974 | D:6      | Found a shimmering blue altar of Sif Muna.
  7239 | D:6      | Gained mutation: You are partially covered in yellow
                  | scales. (AC +2) [potion of mutation]
  7239 | D:6      | Gained mutation: Your mind is acute. (Int +2) [potion of
                  | mutation]
  7239 | D:6      | Gained mutation: Your body sometimes deteriorates upon
                  | taking damage. [potion of mutation]
  7239 | D:6      | Gained mutation: You are covered in fur. (AC +1) [potion of
                  | mutation]
  7242 | D:6      | HP: 6/121 [killer bee (6)]
  7243 | D:6      | Slain by a killer bee

Illustrated notes

Levels and vault maps discovered:
D:1:      evilmike_arrival_rings, layout_basic, minmay_distorted
D:2:      layout_basic, minmay_misc_feat_hallway, hex_medium
D:3:      layout_rooms, old_standard_altar, uniq_terence, uniq_grinder
D:4:      cheibrodos_barr_body, layout_gridville, first_ration, uniq_natasha
D:5:      layout_basic, ebering_ghost_sewer_d, sigmund_edmund_badplayer
D:6:      layout_cave_pods, gammafunk_temple_overflow_pools, minivault_14,
          lemuel_blue_sif_altar
D:7:      layout_loops_ring, minmay_temple_entry_ruins, grunt_ogre_cave

Skill      XL: |  1  2  3  4  5  6  7  8  9 |
---------------+----------------------------+-----
Fighting       | 4 5 6 7 |  7.9
Axes           | 3 4 5 6 7 8 |  8.1
Shields        | 4 5 6 7 |  7.3
Armour         | 4 5 6 7 |  7.3
Polearms       | 1 |  1.5

Action                   |  1- 3 |  4- 6 |  7- 9 || total
-------------------------+-------+-------+-------++-------
Melee: War axe           |    92 |   124 |   173 ||   389
       Scythe            |       |       |   101 ||   101
Throw: Dart              |       |       |     2 ||     2
  Use: Potion            |       |     1 |     5 ||     6
  Eat: Chunk             |     1 |     7 |    11 ||    19
Armor: Scale mail        |    35 |    34 |   125 ||   194
       Skin              |       |       |    10 ||    10
Dodge: Dodged            |    28 |    33 |   120 ||   181
Block: Kite shield       |    42 |    57 |    80 ||   179

Table legend:
 A = Non-vault XP
 B = Vault XP
 C = Vault XP percentage of total XP
 D = Non-vault monster count
 E = Vault monster count
 F = Vault count percentage of total count
                 A         B        C        D         E       F
            +---------+---------+-------+---------+---------+-------
      Total |    1643 |    1354 |  45.2 |     139 |      18 |  11.5
            +---------+---------+-------+---------+---------+-------
        D:1 |      43 |       6 |  12.2 |      26 |       3 |  10.3
        D:2 |      91 |       0 |   0.0 |      24 |       0 |   0.0
        D:3 |     104 |     305 |  74.6 |      24 |       2 |   7.7
        D:4 |     500 |     219 |  30.5 |      26 |       9 |  25.7
        D:5 |     320 |     824 |  72.0 |      12 |       4 |  25.0
        D:6 |     524 |       0 |   0.0 |      26 |       0 |   0.0
        D:7 |      61 |       0 |   0.0 |       1 |       0 |   0.0
            +---------+---------+-------+---------+---------+-------
